 Dungeon Crawl Stone Soup version 0.28.0-43-g3370ac3207 (webtiles) character file.

Game seed: 1672725879580260458

19278 nickcage the Bludgeoner (level 12, -5/110 HPs)
             Began as a Minotaur Fighter on Mar 14, 2022.
             Was an Elder of the Shining One.
             Slain by a yak (6 damage)
             ... on level 1 of the Lair of Beasts.
             The game lasted 00:39:54 (12017 turns).

nickcage the Bludgeoner (Minotaur Fighter)         Turns: 12017, Time: 00:39:54

Health: -5/110     AC:  3    Str: 23    XL:     12   Next: 35%
Magic:  11/11      EV: 10    Int:  5    God:    the Shining One [****..]
Gold:   1061       SH: 10    Dex: 10    Spells: 11/11 levels left

rFire   . . .      SeeInvis .   q - +4 mace "Mazxuj Naen" {spect, rElec rPois Dex-3 Stlth+}
rCold   . . .      Faith    .   K - +0 kite shield
rNeg    + + +      Spirit   .   (no armour)
rPois   +          Reflect  .   F - +2 hat
rElec   +          Harm     .   r - +0 cloak
rCorr   +          Rampage  .   (no gloves)
Will    .....                   (no boots)
Stlth   +.........              w - amulet of regeneration
HPRegen 1.08/turn               z - ring of resist corrosion
MPRegen 0.12/turn               E - ring of positive energy

@: glowing
A: horns 2, retaliatory headbutt
a: Renounce Religion, Divine Shield, Cleansing Flame


You were on level 1 of the Lair of Beasts.
You worshipped the Shining One.
The Shining One was greatly pleased with you.
You visited 3 branches of the dungeon, and saw 14 of its levels.
You also visited: Sewer, Ossuary and Bailey.

You collected 1061 gold pieces.

Inventory:

Hand Weapons
 a - a +0 vorpal trident
 q - the +4 mace "Mazxuj Naen" (weapon) {spect, rElec rPois Dex-3 Stlth+}
   (You found it on level 2 of the Dungeon)

   When its wielder attacks, the weapon's spirit leaps out and strikes again.
   The spirit shares a part of any damage it takes with its wielder.
   Dex:       It affects your dexterity (-3).
   rElec:     It insulates you from electricity.
   rPois:     It protects you from poison.
   Stlth:     It makes you more stealthy.
 A - a +0 morningstar of protection
Missiles
 p - 9 throwing nets
 s - 43 boomerangs
 y - 6 poisoned darts (quivered)
Armour
 b - a +0 scale mail
 c - a +0 buckler
 f - a +0 plate armour
 r - a +0 cloak (worn)
 F - a +2 hat (worn)
 K - a +0 kite shield (worn)
 P - the +6 scale mail of Pett {Rampage Will+ SInv}
   (You found it on level 12 of the Dungeon)

   SInv:      It lets you see invisible.
   Rampage:   It bestows one free step when moving towards enemies.
   Will:      It increases your willpower.
 R - the +9 plate armour of the Ageless Blessings {rF+ rC+ rCorr Int-2}
   (You found it on level 12 of the Dungeon)

   Int:       It affects your intelligence (-2).
   rF:        It protects you from fire.
   rC:        It protects you from cold.
   rCorr:     It protects you from acid and corrosion.
Jewellery
 w - an amulet of regeneration (around neck)
 z - a ring of resist corrosion (left hand)
 E - a ring of positive energy (right hand)
 I - a +6 ring of intelligence
 J - a ring of fire
Wands
 d - a wand of paralysis (6)
 l - a wand of flame (55)
 B - a wand of iceblast (4)
 S - a wand of acid (2)
Scrolls
 e - 5 scrolls of identify
 g - 5 scrolls of teleportation
 j - a scroll of fog
 t - a scroll of blinking
 D - 2 scrolls of fear
 H - a scroll of amnesia
 L - a scroll of magic mapping
 M - a scroll of enchant weapon {unknown}
 Q - a scroll of summoning
Potions
 h - 3 potions of heal wounds
 i - 7 potions of magic
 k - 5 potions of curing
 m - 4 potions of attraction
 n - 2 potions of might
 o - a potion of degeneration
 u - a potion of lignification
 v - a potion of cancellation
 x - 2 potions of flight
 G - a potion of berserk rage
 N - a potion of brilliance {unknown}
 O - a potion of ambrosia {unknown}
Miscellaneous
 C - a piece from Xom's chessboard (15/15)


   Skills:
 + Level 11.2 Fighting
 - Level 15.1 Maces & Flails
 - Level 6.9 Polearms
 + Level 12.1 Armour
 + Level 10.1 Shields


You had 11 spell levels left.
You didn't know any spells.
Your spell library contained the following spells:

 Spells                   Type           Power      Damage    Failure   Level
 Beastly Appendage        Tmut           0%         N/A       75%         1
 Foxfire                  Conj/Fire      0%         2x1d4     75%         1
 Magic Dart               Conj           0%         1d3       75%         1
 Searing Ray              Conj           0%         2d4       87%         2
 Wereblood                Tmut           0%         N/A       87%         2
 Conjure Flame            Conj/Fire      0%         6-21      98%         3
 Inner Flame              Hex/Fire       0%         N/A       98%         3
 Spider Form              Tmut/Pois      0%         N/A       98%         3
 Cause Fear               Hex            0%         N/A       100%        4
 Flame Wave               Conj/Fire      0%         2d4       100%        4
 Fulminant Prism          Conj/Hex       0%         3d6       100%        4
 Petrify                  Tmut/Erth      0%         N/A       100%        4
 Alistair's Intoxication  Tmut/Pois      0%         N/A       100%        5
 Dragon Form              Tmut           0%         N/A       100%        7
 Borgnjor's Revivificati  Necr           0%         N/A       100%        8
 Necromutation            Tmut/Necr      0%         N/A       100%        8
 Death's Door             Necr           0%         N/A       100%        9
 Dragon's Call            Summ           0%         N/A       100%        9


Dungeon Overview and Level Annotations

Branches:
Dungeon (12/15)            Temple (1/1) D:6            Lair (1/6) D:10
    Orc (0/2) D:10          Sewer (visited)         Ossuary (visited)
 Bailey (visited)

Altars:
Ashenzari
Cheibriados
Dithmenos
Elyvilon
Fedhas
Gozag
Hepliaklqana
Kikubaaqudgha
Makhleb
Nemelex Xobeh
Okawaru
Qazlal
Ru
Sif Muna
Trog
Uskayaw
Vehumet
Wu Jian
Xom
Yredelemnul
Zin
The Shining One

Shops:
D:5 (

Annotations:
Lair:1 exclusion: oklob plant


Innate Abilities, Weirdness & Mutations

You have a pair of horns on your head.
You reflexively headbutt those who attack you in melee.


Message History

* * * LOW HITPOINT WARNING * * *
You hit the yak. You headbutt the yak.
The yak is lightly wounded.
Your +4 mace "Mazxuj Naen" {spect, rElec rPois Dex-3 Stlth+} hits the yak!
You block the yak's attack.
The yak gores your +4 mace "Mazxuj Naen" {spect, rElec rPois Dex-3 Stlth+}.
Your spectral weapon shares its damage with you!
* * * LOW HITPOINT WARNING * * *
You hit the yak.
The yak is heavily wounded.
Your +4 mace "Mazxuj Naen" {spect, rElec rPois Dex-3 Stlth+} hits the yak!
The yak gores you.
* * * LOW HITPOINT WARNING * * *
The yak closely misses your +4 mace "Mazxuj Naen" {spect, rElec rPois Dex-3 Stlth+}.
You sock the yak!
You kill the yak!
You hit the yak. You headbutt the yak.
The yak is lightly wounded.
Your +4 mace "Mazxuj Naen" {spect, rElec rPois Dex-3 Stlth+} closely misses the yak.
The yak gores you.
* * * LOW HITPOINT WARNING * * *
You sock the yak! You headbutt the yak.
The yak is heavily wounded.
Your +4 mace "Mazxuj Naen" {spect, rElec rPois Dex-3 Stlth+} barely misses the yak.
You block the yak's attack. The yak gores you.
* * * LOW HITPOINT WARNING * * *
You bludgeon the yak!!
You kill the yak!
The yak gores you!
* * * LOW HITPOINT WARNING * * *
You hit the yak. You headbutt the yak.
The yak is moderately wounded.
Your +4 mace "Mazxuj Naen" {spect, rElec rPois Dex-3 Stlth+} hits the yak.
The yak gores you!
* * * LOW HITPOINT WARNING * * *
You hit the yak.
The yak is heavily wounded.
Your +4 mace "Mazxuj Naen" {spect, rElec rPois Dex-3 Stlth+} hits the yak!
The yak gores you.
You die...

#.##.........
######.....^..#...
#...#.........#..)
#........#........
.........###.... .
##.#.....# ##...
... ##........#
#...
.....###.........#
##..
......(@.......###
##.
..##.#Y........#
##. #.........#
#.. #.....>...#
##. #######...# #.
##### ## #. ##≈
#≈♣


You could see a yak and a friendly +4 mace "Mazxuj Naen" {spect, rElec rPois
Dex-3 Stlth+} (summoned).

Vanquished Creatures
  Gastronok (D:10)
  A boulder beetle (D:11)
  A two-headed ogre (D:12)
  A manticore (D:12)
  A black mamba (Lair:1)
  An unseen horror (D:11)
  A kobold demonologist (D:11)
  2 cane toads (Lair:1)
  A komodo dragon (Lair:1)
  2 trolls
  5 slime creatures (D:12)
  4 spriggans (Bailey)
  Sigmund (D:3)
  3 vampires
  2 wyverns
  A wraith (D:12)
  23 yaks
  3 steam dragons
  7 vampire mosquitoes
  Menkaure (D:4)
  6 water moccasins
  An acid dragon (D:12)
  Duvessa (D:4)
  2 ice beasts
  A sky beast (D:8)
  2 black bears
  2 orc warriors
  8 ogres
  2 centaurs
  6 wolves (Lair:1)
  An elf zombie (Ossuary)
  5 bullfrogs
  5 gnoll sergeants (D:9)
  5 scorpions
  Dowan (D:4)
  5 wights
  4 howler monkeys
  2 electric eels (Lair:1)
  A crimson imp (D:9)
  2 jellies
  Crazy Yiuf (D:2)
  5 centaur zombies
  7 hounds
  2 human zombies (Ossuary)
  6 orc priests
  7 gnoll shamans
  Terence (D:3)
  A centaur skeleton (D:6)
  Natasha (thrice) (D:2)
  5 iguanas
  Ijyb (D:3)
  15 orc wizards
  2 mummies (Ossuary)
  3 howler monkey zombies
  Robin (D:2)
  5 river rats
  8 adders
  37 gnolls
  A howler monkey skeleton (D:6)
  3 white imps
  A worm (D:4)
  2 dart slugs (D:3)
  44 orcs
  7 ball pythons
  3 endoplasms
  2 giant cockroaches
  15 goblins
  9 hobgoblins
  8 jackals (D:9)
  5 quokkas
  A bat (D:2)
  13 frilled lizards
  4 goblin zombies
  4 hobgoblin zombies (Ossuary)
  6 kobolds
  5 orc zombies (Ossuary)
  20 rats
387 creatures vanquished.

Vanquished Creatures (others)
  10 fungi
  9 plants
  5 toadstools (D:1)
24 creatures vanquished.

Grand Total: 411 creatures vanquished

Notes
Turn   | Place    | Note
-------+----------+-------------------------------------------
     0 | D:1      | nickcage the Minotaur Fighter began the quest for the Orb.
     0 | D:1      | Reached XP level 1. HP: 19/19 MP: 0/0
    29 | D:1      | Found a faded altar of an unknown god.
   273 | D:1      | Reached XP level 2. HP: 22/26 MP: 1/1
   955 | D:2      | Reached XP level 3. HP: 31/31 MP: 2/2
  1129 | D:2      | Noticed Natasha
  1134 | D:2      | Killed Natasha
  1135 | D:2      | Reached skill level 5 in Polearms
  1142 | D:2      | Noticed Natasha
  1150 | D:2      | Killed Natasha
  1151 | D:2      | Reached XP level 4. HP: 11/39 MP: 3/3
  1534 | D:2      | Noticed Robin
  1536 | D:2      | Noticed Natasha
  1578 | D:2      | Killed Natasha
  1591 | D:2      | Killed Robin
  1592 | D:2      | Reached XP level 5. HP: 13/45 MP: 4/4
  2012 | D:2      | Found a runed translucent door.
  2013 | D:2      | Noticed Crazy Yiuf
  2021 | D:2      | Killed Crazy Yiuf
  2025 | D:2      | Identified the +4 mace "Mazxuj Naen" {spect, rElec rPois
                  | Dex-3 Stlth+}
  2280 | D:3      | Reached skill level 1 in Maces & Flails
  2321 | D:3      | Reached skill level 2 in Maces & Flails
  2321 | D:3      | Noticed Terence
  2326 | D:3      | Reached XP level 6. HP: 36/51 MP: 5/5
  2331 | D:3      | Killed Terence
  2332 | D:3      | Reached skill level 3 in Maces & Flails
  2377 | D:3      | Noticed Sigmund
  2419 | D:3      | Killed Sigmund
  2420 | D:3      | Reached skill level 5 in Maces & Flails
  2641 | D:3      | Noticed Ijyb
  2644 | D:3      | Paralysed by Ijyb for 3 turns
  2648 | D:3      | Killed Ijyb
  2730 | D:3      | Found a radiant altar of Vehumet.
  2864 | D:3      | Reached XP level 7. HP: 57/57 MP: 6/6
  2956 | D:4      | Reached skill level 6 in Maces & Flails
  3133 | D:4      | Noticed Duvessa
  3133 | D:4      | Noticed Dowan
  3142 | D:4      | Killed Duvessa
  3143 | D:4      | Reached skill level 7 in Maces & Flails
  3167 | D:4      | Killed Dowan
  3245 | D:4      | Noticed Menkaure
  3545 | D:4      | Killed Menkaure
  3546 | D:4      | Reached skill level 8 in Maces & Flails
  3600 | D:4      | Found a glowing drain.
  3606 | Sewer    | Entered a sewer
  3732 | Sewer    | Reached XP level 8. HP: 57/64 MP: 7/7
  3868 | Sewer    | Reached skill level 9 in Maces & Flails
  4391 | D:5      | Entered Level 5 of the Dungeon
  4533 | D:5      | Reached skill level 10 in Maces & Flails
  4665 | D:5      | Found Odoegyips's Weapon Shoppe.
  4692 | D:5      | Reached skill level 11 in Maces & Flails
  5151 | D:6      | Found a sand-covered staircase.
  5164 | Ossuary  | Entered an ossuary
  5183 | Ossuary  | Reached skill level 12 in Maces & Flails
  5325 | D:6      | Reached XP level 9. HP: 61/70 MP: 8/8
  5605 | D:6      | Found a staircase to the Ecumenical Temple.
  5808 | Temple   | Entered the Ecumenical Temple
  5956 | Temple   | Became a worshipper of the Shining One
  6080 | D:6      | Found a shadowy altar of Dithmenos.
  6373 | D:7      | Reached skill level 13 in Maces & Flails
  7049 | D:8      | Found a flagged portal.
  7051 | D:8      | Reached * piety under the Shining One
  7075 | D:8      | Reached skill level 14 in Maces & Flails
  7354 | Bailey   | Entered a bailey
  7485 | Bailey   | Reached skill level 15 in Maces & Flails
  7660 | Bailey   | Reached XP level 10. HP: 49/79 MP: 9/9
  7708 | Bailey   | Identified the quicksilver dragon scales of Kulaugg {Will+
                  | Dex+5}
  8003 | Bailey   | Reached skill level 5 in Armour
  8080 | Bailey   | Noticed a two-headed ogre
  8111 | Bailey   | HP: 3/80 [two-headed ogre/+0 glaive (8)]
  8218 | D:8      | Found a blossoming altar of Fedhas.
  8245 | D:8      | Reached skill level 5 in Fighting
  8270 | D:8      | Found a stormy altar of Qazlal.
  8820 | D:9      | Got the Compendium of Transmutation
  8955 | D:9      | Reached ** piety under the Shining One
  9137 | D:9      | You fall into a shaft and drop 2 floors!
  9182 | D:10     | Entered Level 10 of the Dungeon
  9182 | D:10     | Noticed Gastronok
  9197 | D:10     | Reached skill level 5 in Shields
  9207 | D:10     | Killed Gastronok
  9332 | D:9      | Reached XP level 11. HP: 92/92 MP: 10/10
  9371 | D:9      | Found a burning altar of Makhleb.
  9371 | D:9      | Found a shimmering altar of Xom.
  9410 | D:9      | Reached *** piety under the Shining One
  9913 | D:10     | Found a staircase to the Lair.
  9950 | D:10     | Found a staircase to the Orcish Mines.
 10234 | D:11     | Reached skill level 10 in Armour
 10274 | D:11     | Noticed a boulder beetle
 10296 | D:11     | Killed a boulder beetle
 10577 | D:12     | Identified the +6 scale mail of Pett {Rampage Will+ SInv}
 10813 | D:12     | Reached **** piety under the Shining One
 10814 | D:12     | Identified the +9 plate armour of the Ageless Blessings
                  | {rF+ rC+ rCorr Int-2}
 10825 | D:12     | Noticed a two-headed ogre
 10832 | D:12     | Killed a two-headed ogre
 10833 | D:12     | Reached skill level 10 in Fighting
 11212 | Lair:1   | Entered Level 1 of the Lair of Beasts
 11381 | Lair:1   | Reached XP level 12. HP: 68/106 MP: 11/11
 12002 | Lair:1   | Reached skill level 10 in Shields
 12016 | Lair:1   | HP: 1/110 [yak (12)]
 12017 | Lair:1   | Slain by a yak

Illustrated notes

Levels and vault maps discovered:
D:1:      dpeg_arrival_simpleton_a, layout_basic, serial_forest,
          infiniplex_forest_pool, infiniplex_forest_lined_room_2,
          infiniplex_forest_lined_4_way, infiniplex_forest_end_1,
          infiniplex_forest_lined_2, infiniplex_forest_pool,
          infiniplex_forest_fountain, shapermc_ecumenical_altar_mp_ritualfount,
          minmay_gold_behind_fungi
D:2:      layout_rooms, uniq_natasha, uniq_robin, uniq_crazy_yiuf_cottage
D:3:      wad_crossroads, layout_rooms, mainiacjoe_overflow_paths, uniq_terence,
          uniq_sigmund, uniq_ijyb
D:4:      layout_rooms, portal_sewer_entry_e, uniq_duvessa, uniq_menkaure
D:5:      layout_cave_pools, serial_shops, shop, dk_vineyard_3,
          minmay_a_box_with_orc_wizards_in_it
D:6:      layout_loops_ring, nicolae_dithmenos_through_a_glass_darkly,
          minmay_temple_entry_slanted, enter_ossuary_4, hex_medium, minmay_holes
D:7:      layout_basic
D:8:      layout_gridville, mainiacjoe_overflow_cross_hatched,
          grunt_qazlal_clouds, enter_bailey_2, hangedman_decor_lopped,
          hellmonk_bongcloud_opening
D:9:      layout_cave_pools, grunt_temple_overflow_champion_of_chaos,
          serial_gnoll_camp, gnoll_camp_huts_basic, gnoll_camp_mini_house,
          gnoll_camp_medium_02, gnoll_camp_mini_loothouse,
          gnoll_camp_mini_house, gnoll_camp_medium_01
D:10:     layout_cave_pools, grunt_lair_entry_orc_guard_hut, orc_0_dummy,
          uniq_gastronok
D:11:     layout_rooms
D:12:     layout_cave_pools, minmay_misc_feat_square
Temple:   nicolae_temple_elliptical
Lair:1:   layout_misc_corridors, minmay_lair_oklob_bushes, serial_bayou_shore_b,
          serial_bayou_shore_a

Skill      XL: |  1  2  3  4  5  6  7  8  9 10 11 12 |
---------------+-------------------------------------+-----
Polearms       | 3 4 5 6 |  6.9
Maces & Flails | 2 5 8 12 15 | 15.1
Fighting       | 4 7 10 11 | 11.2
Armour         | 4 9 11 12 | 12.1
Shields        | 5 8 10 | 10.1

Action                   |  1- 3 |  4- 6 |  7- 9 | 10-12 || total
-------------------------+-------+-------+-------+-------++-------
Melee: Trident           |    62 |    57 |       |       ||   119
       Headbutt          |     9 |    12 |    50 |   133 ||   204
       Mace              |       |    42 |   283 |   414 ||   739
Throw: Boomerang         |       |       |    11 |       ||    11
       Dart              |       |       |     1 |    20 ||    21
  Use: Potion            |       |     1 |       |       ||     1
       Scroll            |       |       |    13 |     7 ||    20
 Stab: Distracted        |       |       |     1 |       ||     1
Armor: Scale mail        |    22 |    26 |    37 |    29 ||   114
       Plate armour      |       |       |    56 |   157 ||   213
       Skin              |       |       |       |     6 ||     6
Dodge: Dodged            |    12 |    48 |    76 |   107 ||   243
Block: Buckler           |     7 |    14 |    30 |    40 ||    91
       Kite shield       |       |       |       |   109 ||   109
